AoeStats
← raz_mary

Fortress

509934022Analyzed
2v2 RM · 4d ago on Sep 28, 2026· 49m 5s· 4 players
Game mode
Random Map
Map size
Normal (6 player)
Population
200
Speed
Normal
Resources
Standard
Victory
Conquest
Starting age
Dark Age
Ending age
Imperial Age
RankedLock teamsTeams togetherTeam positionsShared explorationLock speedFull tech treeHidden civsTurbo modeCheats
Victory
Defeat
🇺🇸 Bohemians · United States
727
+18
🇺🇸 Muisca · United States
721
+18
🇫🇷 Saracens · France
793
-19
🇳🇱 Lithuanians · Netherlands
748
-17
seagull warrior
11:11 Feudal Age
12:18 Horse Collar
12:24 Double-Bit Axe
16:08 Castle Age
16:53 Squires
17:06 Forging
16:57 Scale Mail Armor
18:02 Wheelbarrow
18:44 Heavy Plow
18:54 Bow Saw
19:06 Bow Saw
22:23 Hand Cart
28:02 Imperial Age
28:10 Town Watch
29:10 Iron Casting
28:58 Chain Mail Armor
29:29 Crop Rotation
28:43 Elite Temple Guard
29:54 Loom
31:27 Capped Ram
32:53 Conscription
34:15 Plate Mail Armor
33:56 Siege Engineers
33:29 Onager
36:10 Ballistics
36:51 Chemistry
35:42 Fletching
35:53 Padded Archer Armor
38:30 Bodkin Arrow
38:51 Leather Archer Armor
40:42 Bracer
41:42 Thumb Ring
40:58 Crossbowman
41:52 Gold Mining
42:11 Arbalester
42burger777
7:36 Feudal Age
8:03 Double-Bit Axe
8:01 Horse Collar
12:34 Wheelbarrow
16:44 Castle Age
17:50 Bow Saw
17:43 Heavy Plow
19:37 Hand Cart
21:16 Caravan
22:58 Fervor
23:09 Sanctity
22:38 Loom
22:59 Fletching
38:03 Imperial Age
35:57 Ballistics
35:49 Masonry
39:13 Conscription
39:01 Wagenburg Tactics
40:22 Two-Man Saw
40:03 Architecture
39:17 Elite Hussite Wagon
40:27 Guilds
46:00 Siege Engineers
50:12 Chemistry
49:24 Fortified Wall
raz_mary
7:23 Feudal Age
13:13 Castle Age
11:11 Double-Bit Axe
11:10 Horse Collar
11:50 Gold Mining
13:58 Loom
14:00 Town Watch
28:33 Imperial Age
26:41 Wheelbarrow
27:43 Gold Shaft Mining
27:43 Bow Saw
27:37 Heavy Plow
27:54 Husbandry
28:20 Hand Cart
28:52 Stone Mining
28:26 Pikeman
29:07 Squires
28:53 Arson
30:39 Two-Man Saw
30:01 Elite Mameluke
31:15 Bimaristan
31:26 Conscription
31:30 Forging
31:20 Scale Mail Armor
32:09 Scale Barding Armor
32:44 Hoardings
32:48 Town Patrol
33:52 Counterweights
35:17 Heavy Camel Rider
36:50 Ballistics
36:42 Fortified Wall
38:09 Coinage
37:40 Caravan
37:53 Masonry
38:44 Chemistry
37:51 Siege Engineers
38:35 Chain Barding Armor
38:31 Chain Mail Armor
38:52 Iron Casting
38:07 Fletching
38:18 Padded Archer Armor
38:14 Light Cavalry
39:05 Bloodlines
40:03 Hussar
41:32 Plate Barding Armor
41:28 Plate Mail Armor
45:29 Banking
T100official
0:27 Loom
7:24 Feudal Age
8:04 Double-Bit Axe
8:02 Horse Collar
14:17 Castle Age
13:49 Forging
13:45 Scale Barding Armor
13:30 Fletching
14:22 Light Cavalry
15:59 Bow Saw
17:14 Heavy Plow
20:44 Bloodlines
21:15 Wheelbarrow
25:54 Hand Cart
25:25 Town Watch
27:18 Fortified Wall
27:23 Town Patrol
30:50 Imperial Age
28:37 Murder Holes
29:36 Hill Forts
33:35 Crop Rotation
34:08 Two-Man Saw
34:50 Chemistry
35:09 Winged Hussar
Connection lost

Rejoining the realm…

Still unreachable

The connection could not be restored.

Session expired

The server has moved on; the page needs a fresh start.